 Dungeon Sprint DCSS version 0.23.1-42-g8abd8fc (webtiles) character file.

Game seed: 525254911908331736

1365 Barsley the Imperceptible (level 8, -1/34 (36) HPs)
             Began as a Spriggan Enchanter on Mar 30, 2019.
             Was an Initiate of Nemelex Xobeh.
             Killed from afar by a ynoxinul (15 damage)
             ... with an iron shot
             ... summoned by an orc high priest
             ... in the Dungeon (Sprint III: "The Ten Rune Challenge").
             The game lasted 00:09:03 (840 turns).

Barsley the Imperceptible (Spriggan Enchanter)       Turns: 840, Time: 00:09:04

HP:   -1/34 (36)    AC:  2    Str:  4      XL:     8   Next: 38%
MP:   3/14          EV: 18    Int: 17 (18) God:    Nemelex Xobeh [......]
Gold: 16            SH:  0    Dex: 17      Spells: 4/13 levels left

rFire    + . .     SeeInvis +   a - +1 dagger
rCold    . . .     Gourm    .   (shield restricted)
rNeg     . . .     Faith    .   b - +0 robe
rPois    .         Spirit   .   (helmet restricted)
rElec    .         Reflect  .   (no cloak)
rCorr    .         Harm     .   (gloves unavailable)
MR       +....     NoTele   +   (boots unavailable)
Stlth    ++++++++..             (no amulet)
HPRegen  0.11/turn              (no ring)
MPRegen  0.14/turn              (no ring)

@: very quick
A: very small, unfitting armour, see invisible, blink, fire resistance 1,
herbivore, speed 3, slow metabolism 2, evolution 1, sturdy frame 1
a: Blink, Draw Escape, Draw Destruction, Draw Summoning, Renounce Religion


You were in the Dungeon.
You worshipped Nemelex Xobeh.
Nemelex Xobeh was noncommittal.
You were not hungry.

You visited 1 branch You collected 16 gold pieces.

Inventory:

Hand Weapons
 a - a +1 dagger (weapon)
 q - a +0 long sword of holy wrath
Armour
 b - a +0 robe (worn)
Scrolls
 c - a scroll of torment {unknown}
 i - a scroll of fog {unknown}
 j - a scroll of blinking
 k - a scroll of remove curse {unknown}
 m - a scroll of immolation {unknown}
 n - a scroll of enchant armour {unknown}
 o - a scroll of random uselessness {unknown}
Potions
 e - 2 potions of curing
 g - a potion of haste
 h - 2 potions of magic
 p - 2 potions of flight
 r - a potion of berserk rage
 s - a potion of might
Miscellaneous
 l - a crystal ball of energy
Comestibles
 d - 4 rations


   Skills:
 + Level 8.6(8.7) Short Blades
 + Level 1.0(4.2) Long Blades
 - Level 3.3 Dodging
 + Level 22.5 Stealth
 + Level 3.4 Spellcasting
 + Level 4.9 Hexes
 + Level 0.1 Ice Magic
 + Level 1.3 Evocations


You had 4 spell levels left.
You knew the following spells:

 Your Spells              Type           Power        Failure   Level  Hunger
a - Corona                Hex            ###....      2%          1    None
b - Ensorcelled Hibernat  Hex/Ice        ##....       9%          2    ##.....
c - Tukima's Dance        Hex            ###.....     7%          3    ###....
d - Confuse               Hex            ###.....     7%          3    ###....

Your spell library contained the following spells:

 Spells                   Type           Power        Failure   Level  Hunger
 Dazzling Spray           Conj/Hex       ##....       19%         3    ###....


Dungeon Overview and Level Annotations

Branches:
Dungeon (1/1)

Altars:
Cheibriados
Dithmenos
Elyvilon
Fedhas
Gozag
Hepliaklqana
Kikubaaqudgha
Makhleb
Nemelex Xobeh
Okawaru
Qazlal
Ru
Sif Muna
Trog
Uskayaw
Vehumet
Wu Jian
Xom
Yredelemnul
Zin
The Shining One
Beogh
Jiyva
Lugonu


Innate Abilities, Weirdness & Mutations

You are very small and have problems with some larger weapons.
You are too small for most types of armour.
You have supernaturally acute eyesight. (SInv)
You are a herbivore.
You cover ground extremely quickly.
You need to consume almost no food.
You can translocate small distances at will.
Your flesh is heat resistant. (rF+)
You evolve.
Your movements are slightly less encumbered by armour. (ER -2)


Message History

You kill the ufetubus!
Really walk into that cloud of poison gas?
Okay, then.
You blink.
You feel slightly more hungry.
The ynoxinul gestures.
The ynoxinul disappears in a puff of smoke!
The ufetubus disappears in a puff of smoke! x4
The orc high priest utters an invocation to Beogh.
Evoke which item? (* to show all) (? for menu, Esc to quit)
Aiming: Iceblast
Press: ? - help, Shift-Dir - straight line, f/p - orc high priest
Aim: an orc high priest, wielding a +0 war axe and wearing a +0 leather armour (moderately wounded)
The mass of ice explodes!
The iceblast engulfs the orc high priest.
The orc high priest is moderately wounded.
The now-empty wand crumbles to dust.
The ynoxinul gestures at you. The iron shot hits you!
You die...
Your body disappears without a glow.

▓...#......#####..#___#___#__
▓..##.......#..#§.#...#__)#._
▓##.##.##...#..#..###'#'###'#
##.##.###..##5#.§#..........
▓#.####.##..###○..'.3........
▓.###..##..####...#...######5
▓#.....##..###....#.⌠.#__#..4
###..##...##o.§..#...#__#c45
##..##....#@.34..#'###__#...
#..###..##.#.....#.))#__#..)
#[.# #..#####....#___#__'...
▓▓▓▓ ▓▓▓▓ ▓▓▓▓▓▓▓▓▓▓▓▓▓▓▓▓


You could see an orc high priest, a hellwing and a ynoxinul.

Vanquished Creatures
  A deep elf mage (D)
  A shadow (D)
  A spatial vortex (D)
  An orc warrior (D)
  A necrophage (D)
  A water elemental (D)
  A jelly (D)
  An orc wizard (D)
  A necromancer (D)
  A wizard (D)
  3 humans (D)
  A kobold demonologist (D)
  An ooze (D)
  A phantom (D)
  3 rats (D)
19 creatures vanquished.

Vanquished Creatures (others)
  2 draconian scorchers (D)
  A yaktaur (D)
  6 hellions (D)
  A dancing weapon (D)
10 creatures vanquished.

Grand Total: 29 creatures vanquished

Notes
Turn   | Place    | Note
-------+----------+-------------------------------------------
     0 | D        | Barsley the Spriggan Enchanter began the quest for the Orb.
     0 | D        | Reached XP level 1. HP: 9/9 MP: 5/5
     9 | D        | Reached skill level 5 in Stealth
    63 | D        | Reached skill level 8 in Stealth
    63 | D        | Reached XP level 2. HP: 13/13 MP: 4/7
    95 | D        | Killed a hellion
    96 | D        | Killed a hellion
   172 | D        | Killed a yaktaur
   173 | D        | Killed a white draconian scorcher
   179 | D        | Reached XP level 3. HP: 16/16 MP: 8/8
   183 | D        | Learned a level 2 spell: Ensorcelled Hibernation
   187 | D        | Learned a level 3 spell: Tukima's Dance
   198 | D        | Gained mutation: You are weak. (Str -2) [potion of
                  | mutation]
   198 | D        | Gained mutation: Your body sometimes deteriorates upon
                  | taking damage. [potion of mutation]
   198 | D        | Gained mutation: You possess an exceptional clarity of
                  | mind. [potion of mutation]
   198 | D        | Gained mutation: You are partially covered in iridescent
                  | scales. (AC +2) [potion of mutation]
   199 | D        | Lost mutation: Your body sometimes deteriorates upon taking
                  | damage. [potion of mutation]
   199 | D        | Gained mutation: Your spells are a little harder to cast,
                  | but a little more powerful. [potion of mutation]
   199 | D        | Gained mutation: Your spells are harder to cast, but more
                  | powerful. [potion of mutation]
   199 | D        | Gained mutation: You are agile. (Dex +2) [potion of
                  | mutation]
   199 | D        | Gained mutation: You are covered in fur. (AC +1) [potion of
                  | mutation]
   207 | D        | Lost mutation: You are agile. (Dex +2) [potion of mutation]
   207 | D        | Lost mutation: You are partially covered in iridescent
                  | scales. (AC +2) [potion of mutation]
   207 | D        | Lost mutation: Your spells are harder to cast, but more
                  | powerful. [potion of mutation]
   207 | D        | Gained mutation: You are clumsy. (Dex -2) [potion of
                  | mutation]
   207 | D        | Gained mutation: Your system is resistant to poisons.
                  | (rPois) [potion of mutation]
   207 | D        | Gained mutation: Your movements are slightly less
                  | encumbered by armour. (ER -2) [potion of mutation]
   208 | D        | Lost mutation: Your system is resistant to poisons. (rPois)
                  | [potion of mutation]
   208 | D        | Lost mutation: You are weak. (Str -2) [potion of mutation]
   208 | D        | Lost mutation: Your spells are a little harder to cast, but
                  | a little more powerful. [potion of mutation]
   208 | D        | Lost mutation: You possess an exceptional clarity of mind.
                  | [potion of mutation]
   208 | D        | Gained mutation: Your muscles are strong. (Str +2) [potion
                  | of mutation]
   208 | D        | Lost mutation: You are clumsy. (Dex -2) [potion of
                  | mutation]
   209 | D        | Lost mutation: You are covered in fur. (AC +1) [potion of
                  | mutation]
   209 | D        | Lost mutation: Your muscles are strong. (Str +2) [potion of
                  | mutation]
   209 | D        | Gained mutation: Your flesh is heat resistant. (rF+)
                  | [potion of mutation]
   209 | D        | Gained mutation: You can translocate small distances at
                  | will. [potion of mutation]
   209 | D        | Gained mutation: You evolve. [potion of mutation]
   218 | D        | Noticed a water elemental
   221 | D        | Killed a water elemental
   221 | D        | Reached skill level 11 in Stealth
   221 | D        | Reached XP level 4. HP: 21/21 MP: 9/9
   224 | D        | Found a glowing silver altar of Zin.
   225 | D        | Found a glowing golden altar of the Shining One.
   225 | D        | Found a white marble altar of Elyvilon.
   225 | D        | Noticed a deep elf mage
   227 | D        | Killed a deep elf mage
   227 | D        | Reached skill level 19 in Stealth
   227 | D        | Reached XP level 5. HP: 24/24 MP: 10/10
   227 | D        | Reached XP level 6. HP: 28/28 MP: 11/11
   227 | D        | Reached XP level 7. HP: 32/32 MP: 12/12
   237 | D        | Found a hide-covered altar of Uskayaw.
   237 | D        | Found a roughly hewn altar of Beogh.
   237 | D        | Found an iron altar of Okawaru.
   237 | D        | Found a bloodstained altar of Trog.
   237 | D        | Found an ornate altar of the Wu Jian Council.
   237 | D        | Noticed a human
   237 | D        | Noticed a human
   239 | D        | Killed a white draconian scorcher
   240 | D        | Killed a human
   241 | D        | Killed a human
   241 | D        | Reached skill level 20 in Stealth
   252 | D        | Found a basalt altar of Yredelemnul.
   252 | D        | Found a shadowy altar of Dithmenos.
   252 | D        | Found a sacrificial altar of Ru.
   269 | D        | Killed a hellion
   270 | D        | Killed a hellion
   290 | D        | Killed a hellion
   332 | D        | Killed a hellion
   699 | D        | Reached skill level 21 in Stealth
   707 | D        | Noticed a shadow
   710 | D        | Killed a shadow
   710 | D        | Reached XP level 8. HP: 31/34 MP: 13/13
   719 | D        | Found a blossoming altar of Fedhas.
   719 | D        | Found a stormy altar of Qazlal.
   720 | D        | Found a snail-covered altar of Cheibriados.
   720 | D        | Found a burning altar of Makhleb.
   720 | D        | Found a hazy altar of Hepliaklqana.
   720 | D        | Found a shimmering altar of Xom.
   720 | D        | Found an opulent altar of Gozag.
   720 | D        | Found a sparkling altar of Nemelex Xobeh.
   720 | D        | Found a corrupted altar of Lugonu.
   720 | D        | Found a viscous altar of Jiyva.
   724 | D        | Reached skill level 22 in Stealth
   724 | D        | Reached skill level 1 in Evocations
   728 | D        | Became a worshipper of Nemelex Xobeh the Trickster
   750 | D        | Found a radiant altar of Vehumet.
   750 | D        | Found a deep blue altar of Sif Muna.
   750 | D        | Found an ancient bone altar of Kikubaaqudgha.
   777 | D        | Received a gift from Nemelex Xobeh
   777 | D        | Noticed an orc high priest
   777 | D        | Noticed an orc high priest
   779 | D        | Noticed a rust devil
   790 | D        | Learned a level 3 spell: Confuse
   801 | D        | Noticed a smoke demon
   802 | D        | Reached skill level 1 in Long Blades
   805 | D        | Noticed an ice devil
   840 | D        | Noticed a hellwing
   840 | D        | Killed from afar by a ynoxinul

Skill      XL: |  1  2  3  4  5  6  7  8 |
---------------+-------------------------+-----
Stealth        | 8 11 19 21 22 | 22.5
Spellcasting   | 3 |  3.4
Hexes          | 4 |  4.9
Short Blades   | 2 3 6 8 |  8.6
Evocations     | 1 |  1.3
Long Blades    | 1 |  1.0
Dodging        | |  3.3
Ice Magic      | |  0.1

Action                   |  1- 3 |  4- 6 |  7- 9 || total
-------------------------+-------+-------+-------++-------
Melee: Dagger            |    32 |     1 |    53 ||    86
       Long sword        |       |       |     6 ||     6
 Cast: Corona            |     3 |       |       ||     3
       Ensorcelled Hiber |       |       |     4 ||     4
       Tukima's Dance    |       |       |     2 ||     2
 Abil: Blink             |       |       |     3 ||     3
       Draw Destruction  |       |       |     2 ||     2
       Draw Escape       |       |       |     1 ||     1
       Draw Summoning    |       |       |     1 ||     1
Evoke: Wand              |       |       |     5 ||     5
  Use: Potion            |     6 |       |     2 ||     8
 Stab: Sleeping          |     4 |     1 |     9 ||    14
Armor: Robe              |       |       |     5 ||     5
Dodge: Dodged            |    20 |       |    30 ||    50
       Rpst.: Long sword |       |       |     2 ||     2
